[ AOE2 MATCH · #491756797 ]
UnrankedMalians vs Portuguese
[ REPLAY ANALYSIS · EXTRACTED FROM THE RECORDED GAME ]
Feudal
11:22
Castle
15:17
Imperial
29:28
| APM avg | 29.6 |
| APM peak | 89 |
| eAPM avg | 14.8 |
| Villagers / military | 118 / 312 |
Focus
⚔️ 28.8% · 🌾 71.2%
Gbeto ×300 · Bombard Cannon ×9 · Trebuchet (Packed) ×3
Feudal
10:56
Castle
14:30
Imperial
28:37
| APM avg | 27.9 |
| APM peak | 64 |
| eAPM avg | 18.4 |
| Villagers / military | 163 / 201 |
Focus
⚔️ 29.5% · 🌾 70.5%
Woad Raider ×100 · Scorpion ×57 · Battering Ram ×37 · Monk ×3 · Trebuchet (Packed) ×3 · Mangonel ×1
Feudal
13:54
Castle
18:39
Imperial
31:41
| APM avg | 36.6 |
| APM peak | 89 |
| eAPM avg | 18.1 |
| Villagers / military | 114 / 113 |
Focus
⚔️ 23.5% · 🌾 76.5%
Archer ×46 · Spearman ×23 · Hand Cannoneer ×22 · Bombard Cannon ×16 · Scout Cavalry ×6
Feudal
11:44
Castle
15:19
Imperial
33:50
| APM avg | 29.7 |
| APM peak | 67 |
| eAPM avg | 18.0 |
| Villagers / military | 157 / 476 |
Focus
⚔️ 32.8% · 🌾 67.2%
Scout Cavalry ×170 · Skirmisher ×110 · Knight ×84 · Rattan Archer ×57 · Archer ×22 · Spearman ×13
Feudal
12:13
Castle
15:43
Imperial
31:11
| APM avg | 25.2 |
| APM peak | 73 |
| eAPM avg | 17.7 |
| Villagers / military | 152 / 461 |
Focus
⚔️ 46.1% · 🌾 53.9%
Knight ×112 · Huskarl ×107 · Scout Cavalry ×100 · Spearman ×66 · Skirmisher ×57 · Archer ×16
Feudal
10:37
Castle
14:22
Imperial
31:54
| APM avg | 29.5 |
| APM peak | 83 |
| eAPM avg | 22.1 |
| Villagers / military | 122 / 497 |
Focus
⚔️ 56.4% · 🌾 43.6%
Spearman ×454 · Monk ×26 · Bombard Cannon ×11 · Mangonel ×3 · Hussite Wagon ×2 · Militia ×1
Feudal
11:06
Castle
15:16
Imperial
34:46
| APM avg | 19.4 |
| APM peak | 52 |
| eAPM avg | 14.7 |
| Villagers / military | 158 / 373 |
Focus
⚔️ 40.5% · 🌾 59.5%
Archer ×176 · Scout Cavalry ×100 · Camel Scout ×36 · Skirmisher ×20 · Trebuchet (Packed) ×19 · War Elephant ×10
Feudal
9:45
Castle
14:47
Imperial
30:13
| APM avg | 47.6 |
| APM peak | 93 |
| eAPM avg | 26.9 |
| Villagers / military | 134 / 397 |
Focus
⚔️ 49.1% · 🌾 50.9%
Spearman ×271 · Scorpion ×66 · Mangonel ×52 · Trebuchet (Packed) ×7 · Monk ×1
Match map
Initial resources + every placement click. Lines = walls · curves = elevation contours. ◆ gold · ⬟ stone · ● berries · ✦ relic · ◌ wall gap
Your base· ✓ Closed at 15:17 · 0t walls · 2 gate(s)
長安's base· ✓ Closed at 14:30 · 1t walls · 3 gate(s)
rower56's base· ✓ Closed at 18:39 · 0t walls · 2 gate(s)
Ken's base· ✓ Closed at 15:19 · 1t walls · 3 gate(s)
Sum Ting Wong's base· ✓ Closed at 15:43 · 0t walls · 3 gate(s)
HPP's base· ✓ Closed at 14:22 · 0t walls · 2 gate(s)
sbr's base· ✓ Closed at 15:16 · 0t walls · 3 gate(s)
Goku_San's base· ✓ Closed at 14:47 · 0t walls · 2 gate(s)
Smoothed initial terrain · ◌ = detected wall gap · hover for details
Inputs per minute
— lingruo - - 長安
Build order — lingruo
First 150 of 353 actions detected
| 0:00 | Create | Villager (Male) |
| 0:02 | Create | Villager (Male) ×3 |
| 0:05 | Build | House |
| 0:06 | Build | House |
| 1:38 | Create | Villager (Male) |
| 1:46 | Build | Lumber Camp |
| 2:01 | Create | Villager (Male) |
| 2:25 | Create | Villager (Male) |
| 2:53 | Create | Villager (Male) |
| 3:17 | Create | Villager (Male) |
| 3:43 | Create | Villager (Male) |
| 3:45 | Build | House |
| 3:49 | Build | Mill |
| 4:00 | Build | House |
| 4:01 | Build | House |
| 4:08 | Create | Villager (Male) |
| 4:36 | Create | Villager (Male) |
| 4:58 | Create | Villager (Male) |
| 5:21 | Build | Mining Camp |
| 5:23 | Create | Villager (Male) |
| 5:49 | Create | Villager (Male) |
| 6:14 | Create | Villager (Male) |
| 6:39 | Create | Villager (Male) |
| 7:04 | Create | Villager (Male) |
| 7:29 | Create | Villager (Male) |
| 7:53 | Create | Villager (Male) |
| 8:19 | Create | Villager (Male) |
| 8:42 | Build | Mining Camp |
| 8:44 | Create | Villager (Male) |
| 8:52 | Research | Feudal Age |
| 9:34 | Create | Villager (Male) |
| 11:22 | Age | Feudal Age |
| 11:25 | Build | Market |
| 11:36 | Build | Blacksmith |
| 11:43 | Create | Villager (Male) |
| 11:51 | Research | Double-Bit Axe |
| 12:09 | Create | Villager (Male) |
| 12:18 | Build | House |
| 12:24 | Research | Castle Age |
| 12:38 | Build | Lumber Camp |
| 12:59 | Create | Villager (Male) |
| 13:27 | Research | Horse Collar |
| 15:17 | Age | Castle Age |
| 15:23 | Build | Town Center |
| 15:30 | Build | Castle |
| 15:40 | Create | Villager (Male) |
| 15:40 | Build | Farm |
| 15:41 | Build | Farm |
| 15:44 | Build | Farm |
| 15:46 | Build | Farm |
| 15:50 | Build | Farm |
| 15:54 | Build | Farm |
| 16:02 | Build | Farm |
| 16:04 | Create | Villager (Male) |
| 16:14 | Build | Farm |
| 16:30 | Create | Villager (Male) |
| 16:36 | Build | House |
| 16:47 | Create | Villager (Male) |
| 16:54 | Create | Villager (Male) |
| 16:54 | Build | Town Center |
| 17:05 | Build | Farm |
| 17:09 | Create | Villager (Male) |
| 17:13 | Build | Farm |
| 17:17 | Build | Farm |
| 17:19 | Create | Villager (Male) |
| 17:27 | Build | House |
| 17:28 | Build | House |
| 17:35 | Create | Villager (Male) |
| 17:42 | Build | Farm |
| 17:44 | Create | Villager (Male) |
| 17:59 | Create | Villager (Male) |
| 18:09 | Create | Villager (Male) |
| 18:12 | Build | Farm |
| 18:17 | Build | Farm |
| 18:20 | Create | Villager (Male) |
| 18:27 | Create | Villager (Male) |
| 18:27 | Build | Farm |
| 18:32 | Build | Farm |
| 18:42 | Create | Villager (Male) |
| 18:50 | Build | Farm |
| 18:52 | Create | Villager (Male) |
| 18:59 | Build | Farm |
| 19:04 | Create | Villager (Male) |
| 19:05 | Build | Farm |
| 19:10 | Build | Farm |
| 19:14 | Build | Farm |
| 19:14 | Create | Villager (Male) |
| 19:21 | Build | Farm |
| 19:23 | Create | Villager (Male) |
| 19:23 | Create | Villager (Male) |
| 19:33 | Create | Villager (Male) |
| 19:35 | Build | Farm |
| 19:41 | Build | House |
| 19:43 | Build | House |
| 19:44 | Create | Villager (Male) |
| 19:50 | Create | Villager (Male) |
| 20:02 | Create | Villager (Male) |
| 20:05 | Build | Farm |
| 20:10 | Create | Villager (Male) |
| 20:13 | Build | Farm |
| 20:13 | Create | Villager (Male) |
| 20:21 | Build | Farm |
| 20:23 | Create | Villager (Male) |
| 20:34 | Create | Villager (Male) |
| 20:34 | Build | Farm |
| 20:37 | Create | Villager (Male) |
| 20:45 | Build | Farm |
| 20:49 | Create | Villager (Male) |
| 20:52 | Build | Farm |
| 20:58 | Create | Villager (Male) |
| 21:02 | Create | Villager (Male) |
| 21:12 | Research | Heavy Plow |
| 21:18 | Create | Villager (Male) |
| 21:24 | Create | Villager (Male) |
| 21:33 | Create | Villager (Male) |
| 21:40 | Create | Villager (Male) |
| 21:47 | Create | Villager (Male) |
| 21:54 | Create | Villager (Male) |
| 22:06 | Create | Villager (Male) |
| 22:13 | Create | Villager (Male) |
| 22:13 | Build | Town Center |
| 22:20 | Create | Villager (Male) |
| 22:23 | Research | Bow Saw |
| 22:29 | Build | House |
| 22:30 | Build | House |
| 22:31 | Create | Villager (Male) |
| 22:32 | Build | House |
| 22:37 | Build | Farm |
| 22:38 | Create | Villager (Male) |
| 22:40 | Build | Farm |
| 22:44 | Build | Farm |
| 22:45 | Create | Villager (Male) |
| 22:48 | Build | Farm |
| 22:51 | Build | Farm |
| 22:56 | Create | Villager (Male) |
| 23:00 | Build | Farm |
| 23:03 | Create | Villager (Male) |
| 23:07 | Research | Wheelbarrow |
| 23:09 | Research | Loom |
| 23:11 | Create | Villager (Male) |
| 23:16 | Build | Farm |
| 23:21 | Create | Villager (Male) |
| 23:23 | Build | Farm |
| 23:26 | Build | Farm |
| 23:32 | Build | House |
| 23:35 | Create | Villager (Male) |
| 23:42 | Build | Farm |
| 23:46 | Create | Villager (Male) |
| 23:46 | Build | Farm |
| 23:52 | Build | Farm |
Build order — 長安
First 150 of 479 actions detected
| 0:01 | Create | Villager (Male) |
| 0:01 | Create | Villager (Male) |
| 0:02 | Create | Villager (Male) |
| 0:02 | Create | Villager (Male) |
| 0:04 | Build | House |
| 0:06 | Build | House |
| 1:27 | Create | Villager (Male) |
| 1:27 | Create | Villager (Male) |
| 2:00 | Create | Villager (Male) |
| 2:00 | Create | Villager (Male) |
| 2:28 | Create | Villager (Male) |
| 2:28 | Create | Villager (Male) |
| 2:37 | Create | Villager (Male) |
| 2:37 | Create | Villager (Male) |
| 2:47 | Build | Lumber Camp |
| 3:12 | Create | Villager (Male) |
| 3:12 | Create | Villager (Male) |
| 3:13 | Create | Villager (Male) |
| 3:27 | Build | House |
| 3:28 | Build | House |
| 3:55 | Create | Villager (Male) |
| 3:55 | Create | Villager (Male) |
| 3:55 | Create | Villager (Male) |
| 4:08 | Create | Villager (Male) |
| 4:09 | Create | Villager (Male) |
| 4:22 | Build | House |
| 4:24 | Build | Palisade Wall |
| 4:49 | Create | Villager (Male) |
| 4:49 | Create | Villager (Male) |
| 4:49 | Create | Villager (Male) |
| 5:19 | Build | Mining Camp |
| 6:06 | Create | Villager (Male) |
| 6:07 | Create | Villager (Male) |
| 6:07 | Create | Villager (Male) |
| 6:07 | Create | Villager (Male) |
| 6:08 | Create | Villager (Male) |
| 6:31 | Create | Villager (Male) |
| 6:31 | Create | Villager (Male) |
| 6:31 | Create | Villager (Male) |
| 6:36 | Build | Mill |
| 6:49 | Create | Villager (Male) |
| 6:49 | Create | Villager (Male) |
| 8:31 | Research | Feudal Age |
| 9:10 | Build | Farm |
| 9:25 | Build | Farm |
| 9:40 | Create | Villager (Male) |
| 9:40 | Create | Villager (Male) |
| 10:56 | Age | Feudal Age |
| 11:01 | Build | Market |
| 11:04 | Build | Blacksmith |
| 11:41 | Research | Horse Collar |
| 11:50 | Research | Castle Age |
| 11:59 | Build | House |
| 12:01 | Build | House |
| 12:04 | Build | House |
| 12:05 | Build | House |
| 12:20 | Research | Double-Bit Axe |
| 12:20 | Research | Double-Bit Axe |
| 13:15 | Create | Villager (Male) |
| 13:16 | Create | Villager (Male) |
| 13:52 | Build | Farm |
| 13:53 | Build | Farm |
| 13:54 | Build | Farm |
| 14:09 | Build | House |
| 14:30 | Age | Castle Age |
| 14:37 | Build | Town Center |
| 14:42 | Create | Villager (Male) |
| 14:48 | Build | Monastery |
| 15:01 | Research | Bow Saw |
| 15:01 | Research | Bow Saw |
| 15:18 | Create | Villager (Male) |
| 15:46 | Create | Villager (Male) |
| 15:48 | Create | Villager (Male) |
| 16:00 | Build | Town Center |
| 16:10 | Create | Monk |
| 16:13 | Create | Villager (Male) |
| 16:17 | Build | Farm |
| 16:22 | Create | Villager (Male) |
| 16:25 | Create | Villager (Male) |
| 16:26 | Create | Villager (Male) |
| 16:45 | Create | Villager (Male) |
| 16:46 | Create | Villager (Male) |
| 16:52 | Build | House |
| 17:01 | Build | Farm |
| 17:02 | Build | Farm |
| 17:10 | Build | Farm |
| 17:11 | Create | Villager (Male) |
| 17:12 | Create | Villager (Male) |
| 17:16 | Build | Farm |
| 17:17 | Build | Farm |
| 17:19 | Build | Farm |
| 17:21 | Create | Villager (Male) |
| 17:29 | Create | Villager (Male) |
| 17:43 | Build | Gate |
| 17:58 | Create | Villager (Male) |
| 18:00 | Create | Monk |
| 18:14 | Build | Farm |
| 18:16 | Build | Farm |
| 18:23 | Build | Mining Camp |
| 18:25 | Create | Villager (Male) |
| 18:26 | Create | Villager (Male) |
| 18:27 | Create | Villager (Male) |
| 18:32 | Build | Farm |
| 18:34 | Build | Farm |
| 18:43 | Build | Farm |
| 18:45 | Build | Farm |
| 18:47 | Create | Villager (Male) |
| 18:49 | Create | Villager (Male) |
| 18:49 | Create | Villager (Male) |
| 19:17 | Build | Siege Workshop |
| 19:19 | Create | Villager (Male) |
| 19:20 | Create | Villager (Male) |
| 19:22 | Create | Villager (Male) |
| 19:23 | Create | Villager (Male) |
| 19:43 | Build | Farm |
| 19:44 | Build | Farm |
| 19:49 | Research | Loom |
| 19:55 | Research | Heavy Plow |
| 19:55 | Research | Heavy Plow |
| 20:04 | Create | Mangonel |
| 20:07 | Build | House |
| 20:09 | Build | House |
| 20:10 | Build | House |
| 20:11 | Create | Villager (Male) |
| 20:12 | Create | Villager (Male) |
| 20:15 | Create | Villager (Male) |
| 20:22 | Build | Farm |
| 20:26 | Create | Villager (Male) |
| 20:28 | Create | Villager (Male) |
| 20:38 | Build | Farm |
| 20:41 | Build | Farm |
| 20:42 | Build | Farm |
| 20:45 | Create | Villager (Male) |
| 20:47 | Create | Villager (Male) |
| 20:50 | Create | Villager (Male) |
| 20:58 | Create | Scorpion |
| 21:05 | Create | Villager (Male) |
| 21:07 | Create | Villager (Male) |
| 21:19 | Build | Lumber Camp |
| 21:44 | Create | Villager (Male) |
| 21:45 | Create | Villager (Male) |
| 21:46 | Create | Villager (Male) |
| 21:46 | Create | Villager (Male) |
| 21:47 | Create | Villager (Male) |
| 21:47 | Create | Villager (Male) |
| 21:52 | Create | Monk |
| 21:58 | Build | House |
| 22:00 | Build | House |
| 22:01 | Build | House |
| 22:07 | Research | Wheelbarrow |
Build order — rower56
First 150 of 461 actions detected
| 0:02 | Create | Villager (Male) |
| 0:02 | Create | Villager (Male) |
| 0:02 | Create | Villager (Male) |
| 0:02 | Create | Villager (Male) |
| 0:02 | Create | Villager (Male) |
| 0:04 | Build | House |
| 0:06 | Build | House |
| 0:50 | Research | Loom |
| 1:29 | Create | Villager (Male) |
| 1:29 | Create | Villager (Male) |
| 1:54 | Create | Villager (Male) |
| 2:21 | Create | Villager (Male) |
| 2:21 | Create | Villager (Male) |
| 2:34 | Create | Villager (Male) |
| 2:59 | Build | Lumber Camp |
| 3:04 | Create | Villager (Male) |
| 3:17 | Create | Villager (Male) |
| 3:55 | Build | House |
| 3:57 | Build | House |
| 4:02 | Create | Villager (Male) |
| 4:03 | Create | Villager (Male) |
| 4:28 | Create | Villager (Male) |
| 4:33 | Build | House |
| 4:34 | Build | House |
| 4:38 | Create | Villager (Male) |
| 4:59 | Create | Villager (Male) |
| 4:59 | Create | Villager (Male) |
| 5:03 | Build | House |
| 5:04 | Build | House |
| 5:27 | Create | Villager (Male) |
| 5:27 | Create | Villager (Male) |
| 5:28 | Create | Villager (Male) |
| 5:29 | Create | Villager (Male) |
| 5:30 | Build | House |
| 6:41 | Build | Barracks |
| 6:52 | Create | Villager (Male) |
| 6:53 | Create | Villager (Male) |
| 6:53 | Create | Villager (Male) |
| 7:10 | Create | Villager (Male) |
| 7:35 | Create | Villager (Male) |
| 7:35 | Create | Villager (Male) |
| 7:43 | Build | Mill |
| 9:42 | Create | Villager (Male) |
| 9:42 | Create | Villager (Male) |
| 10:31 | Create | Villager (Male) |
| 10:31 | Create | Villager (Male) |
| 11:14 | Research | Loom |
| 11:41 | Build | Mill |
| 11:44 | Research | Feudal Age |
| 11:44 | Research | Feudal Age |
| 12:15 | Build | Lumber Camp |
| 12:24 | Build | Mining Camp |
| 13:14 | Create | Villager (Male) |
| 13:14 | Create | Villager (Male) |
| 13:16 | Create | Villager (Male) |
| 13:46 | Create | Villager (Male) |
| 13:46 | Create | Villager (Male) |
| 13:54 | Age | Feudal Age |
| 14:00 | Create | Spearman |
| 14:03 | Research | Horse Collar |
| 14:06 | Research | Double-Bit Axe |
| 14:06 | Research | Double-Bit Axe |
| 14:23 | Build | Stable |
| 14:25 | Build | Blacksmith |
| 14:44 | Build | Mining Camp |
| 14:59 | Build | Market |
| 15:47 | Build | Farm |
| 15:48 | Build | Farm |
| 15:49 | Build | Farm |
| 15:50 | Research | Castle Age |
| 16:01 | Build | Farm |
| 16:11 | Create | Scout Cavalry |
| 16:13 | Research | Bloodlines |
| 16:16 | Build | House |
| 16:16 | Build | House |
| 16:17 | Build | House |
| 16:29 | Create | Scout Cavalry |
| 16:42 | Research | Stone Mining |
| 16:44 | Research | Gold Mining |
| 16:44 | Research | Gold Mining |
| 17:08 | Research | Scale Barding Armor |
| 17:26 | Build | House |
| 17:27 | Build | House |
| 17:27 | Build | House |
| 17:27 | Build | House |
| 17:28 | Build | House |
| 17:29 | Build | House |
| 17:29 | Build | House |
| 17:33 | Build | Farm |
| 18:02 | Create | Scout Cavalry |
| 18:04 | Create | Villager (Male) |
| 18:04 | Create | Villager (Male) |
| 18:05 | Create | Villager (Male) |
| 18:39 | Age | Castle Age |
| 18:43 | Build | Town Center |
| 18:46 | Create | Villager (Male) |
| 18:46 | Create | Villager (Male) |
| 19:15 | Build | Farm |
| 19:16 | Build | Farm |
| 19:19 | Create | Villager (Male) |
| 19:33 | Research | Bow Saw |
| 19:36 | Build | Farm |
| 19:44 | Build | Farm |
| 20:12 | Create | Villager (Male) |
| 20:12 | Create | Villager (Male) |
| 20:20 | Create | Villager (Male) |
| 20:21 | Create | Villager (Male) |
| 20:31 | Build | Farm |
| 20:32 | Build | Farm |
| 20:40 | Build | Farm |
| 20:41 | Build | Farm |
| 20:48 | Create | Villager (Male) |
| 21:07 | Build | Farm |
| 21:08 | Build | Farm |
| 21:09 | Build | Farm |
| 21:23 | Create | Villager (Male) |
| 21:26 | Build | Farm |
| 21:27 | Build | Farm |
| 21:27 | Build | Farm |
| 21:31 | Create | Villager (Male) |
| 22:12 | Create | Villager (Male) |
| 22:13 | Create | Villager (Male) |
| 22:15 | Build | Farm |
| 22:16 | Build | Farm |
| 22:17 | Build | Farm |
| 22:18 | Build | Farm |
| 22:19 | Build | Farm |
| 22:28 | Create | Villager (Male) |
| 22:30 | Create | Villager (Male) |
| 22:32 | Build | Farm |
| 22:32 | Build | Farm |
| 22:34 | Build | Farm |
| 22:34 | Build | Farm |
| 22:35 | Create | Villager (Male) |
| 22:35 | Create | Villager (Male) |
| 23:06 | Create | Villager (Male) |
| 23:06 | Create | Villager (Male) |
| 23:07 | Create | Villager (Male) |
| 23:07 | Create | Villager (Male) |
| 23:18 | Create | Villager (Male) |
| 23:20 | Create | Villager (Male) |
| 23:42 | Create | Villager (Male) |
| 23:42 | Create | Villager (Male) |
| 24:00 | Build | Castle |
| 24:02 | Build | Mining Camp |
| 24:13 | Create | Villager (Male) |
| 24:16 | Build | Farm |
| 24:16 | Build | Farm |
| 24:23 | Build | Mill |
| 24:25 | Create | Villager (Male) |
Build order — Ken
First 150 of 530 actions detected
| 0:03 | Build | House |
| 0:05 | Build | House |
| 0:07 | Create | Villager (Male) |
| 0:07 | Create | Villager (Male) |
| 0:07 | Create | Villager (Male) |
| 0:07 | Create | Villager (Male) |
| 0:07 | Create | Villager (Male) |
| 1:49 | Build | Lumber Camp |
| 1:56 | Create | Villager (Male) |
| 1:56 | Create | Villager (Male) |
| 1:56 | Create | Villager (Male) |
| 2:37 | Create | Villager (Male) |
| 3:08 | Create | Villager (Male) |
| 3:28 | Create | Villager (Male) |
| 3:28 | Create | Villager (Male) |
| 3:41 | Create | Villager (Male) |
| 3:41 | Create | Villager (Male) |
| 3:58 | Create | Villager (Male) |
| 4:07 | Build | House |
| 4:34 | Create | Villager (Male) |
| 4:45 | Create | Villager (Male) |
| 5:05 | Create | Villager (Male) |
| 5:05 | Create | Villager (Male) |
| 5:59 | Create | Villager (Male) |
| 5:59 | Create | Villager (Male) |
| 5:59 | Create | Villager (Male) |
| 5:59 | Create | Villager (Male) |
| 6:02 | Build | House |
| 7:35 | Build | Mill |
| 7:39 | Create | Villager (Male) |
| 7:39 | Create | Villager (Male) |
| 7:39 | Create | Villager (Male) |
| 7:40 | Create | Villager (Male) |
| 8:28 | Research | Feudal Age |
| 8:33 | Build | Mining Camp |
| 9:17 | Build | House |
| 9:40 | Create | Villager (Male) |
| 9:40 | Create | Villager (Male) |
| 10:11 | Build | House |
| 11:05 | Build | House |
| 11:20 | Build | Lumber Camp |
| 11:44 | Age | Feudal Age |
| 11:47 | Build | Market |
| 11:51 | Build | Blacksmith |
| 12:01 | Build | Stone Wall |
| 12:39 | Research | Castle Age |
| 12:46 | Build | Mining Camp |
| 13:03 | Build | Farm |
| 13:04 | Build | Farm |
| 13:11 | Build | Farm |
| 13:15 | Research | Double-Bit Axe |
| 13:40 | Build | Farm |
| 13:47 | Build | Farm |
| 13:54 | Research | Horse Collar |
| 14:44 | Create | Villager (Male) |
| 14:44 | Create | Villager (Male) |
| 15:19 | Age | Castle Age |
| 15:22 | Build | Town Center |
| 15:31 | Build | Monastery |
| 15:51 | Research | Heavy Plow |
| 15:53 | Research | Bow Saw |
| 16:11 | Build | Farm |
| 16:20 | Create | Villager (Male) |
| 16:27 | Create | Villager (Male) |
| 16:31 | Create | Monk |
| 16:43 | Build | House |
| 16:52 | Build | Farm |
| 16:56 | Build | Farm |
| 16:59 | Create | Villager (Male) |
| 17:00 | Create | Villager (Male) |
| 17:07 | Create | Villager (Male) |
| 17:07 | Create | Villager (Male) |
| 17:12 | Research | Loom |
| 17:17 | Build | House |
| 17:20 | Build | Farm |
| 17:30 | Build | House |
| 17:31 | Build | House |
| 17:36 | Create | Villager (Male) |
| 17:36 | Create | Villager (Male) |
| 17:36 | Create | Villager (Male) |
| 17:39 | Build | Farm |
| 18:04 | Create | Monk |
| 18:38 | Build | Barracks |
| 18:43 | Build | House |
| 18:44 | Build | House |
| 18:47 | Research | Wheelbarrow |
| 18:58 | Build | Farm |
| 19:02 | Build | Farm |
| 19:48 | Build | Archery Range |
| 19:50 | Create | Spearman |
| 19:50 | Create | Spearman |
| 20:17 | Create | Monk |
| 20:31 | Create | Spearman |
| 20:42 | Build | Archery Range |
| 20:48 | Build | Town Center |
| 20:52 | Create | Villager (Male) |
| 20:53 | Create | Villager (Male) |
| 20:53 | Create | Villager (Male) |
| 20:53 | Create | Villager (Male) |
| 20:53 | Create | Villager (Male) |
| 20:54 | Create | Villager (Male) |
| 20:54 | Create | Villager (Male) |
| 20:54 | Create | Villager (Male) |
| 20:54 | Create | Villager (Male) |
| 21:27 | Build | Farm |
| 21:28 | Build | Farm |
| 21:46 | Build | Gate |
| 21:52 | Create | Villager (Male) |
| 21:52 | Create | Villager (Male) |
| 21:52 | Create | Villager (Male) |
| 21:52 | Create | Villager (Male) |
| 22:15 | Create | Spearman |
| 22:15 | Create | Spearman |
| 22:43 | Build | Town Center |
| 22:45 | Create | Villager (Male) |
| 22:45 | Create | Villager (Male) |
| 22:45 | Create | Villager (Male) |
| 22:46 | Create | Villager (Male) |
| 22:46 | Create | Villager (Male) |
| 23:09 | Create | Spearman |
| 23:09 | Create | Spearman |
| 23:38 | Create | Villager (Male) |
| 23:38 | Create | Villager (Male) |
| 23:38 | Create | Villager (Male) |
| 23:39 | Create | Villager (Male) |
| 23:39 | Create | Villager (Male) |
| 23:53 | Build | Farm |
| 23:53 | Build | Farm |
| 23:54 | Build | Farm |
| 23:56 | Build | Farm |
| 23:56 | Build | Farm |
| 23:56 | Build | Farm |
| 23:57 | Build | Farm |
| 23:57 | Build | Farm |
| 24:12 | Build | House |
| 24:17 | Build | House |
| 24:18 | Build | Stone Wall |
| 24:25 | Build | Farm |
| 24:27 | Create | Villager (Male) |
| 24:27 | Create | Villager (Male) |
| 24:27 | Create | Villager (Male) |
| 24:27 | Create | Villager (Male) |
| 24:28 | Create | Villager (Male) |
| 24:28 | Create | Villager (Male) |
| 25:10 | Build | Castle |
| 25:29 | Research | Thumb Ring |
| 25:32 | Create | Archer ×5 |
| 25:32 | Create | Archer ×5 |
| 25:37 | Build | House |
| 25:43 | Create | Villager (Male) |
Build order — Sum Ting Wong
First 150 of 696 actions detected
| 0:01 | Create | Villager (Male) |
| 0:01 | Create | Villager (Male) |
| 0:02 | Create | Villager (Male) |
| 0:02 | Create | Villager (Male) |
| 0:02 | Build | House |
| 0:04 | Build | House |
| 1:43 | Create | Villager (Male) |
| 1:44 | Create | Villager (Male) |
| 1:55 | Build | Lumber Camp |
| 2:07 | Create | Villager (Male) |
| 2:07 | Create | Villager (Male) |
| 2:33 | Create | Villager (Male) |
| 2:33 | Create | Villager (Male) |
| 3:15 | Create | Villager (Male) |
| 3:16 | Create | Villager (Male) |
| 3:27 | Build | House |
| 3:28 | Build | House |
| 4:03 | Create | Villager (Male) |
| 4:03 | Create | Villager (Male) |
| 4:04 | Create | Villager (Male) |
| 4:04 | Create | Villager (Male) |
| 4:31 | Build | Mill |
| 5:21 | Create | Villager (Male) |
| 5:21 | Create | Villager (Male) |
| 5:37 | Create | Villager (Male) |
| 5:37 | Create | Villager (Male) |
| 6:12 | Create | Villager (Male) |
| 6:13 | Create | Villager (Male) |
| 6:13 | Create | Villager (Male) |
| 6:13 | Create | Villager (Male) |
| 6:14 | Create | Villager (Male) |
| 7:41 | Create | Villager (Male) |
| 7:41 | Create | Villager (Male) |
| 7:41 | Create | Villager (Male) |
| 7:41 | Create | Villager (Male) |
| 7:59 | Build | House |
| 8:32 | Create | Villager (Male) |
| 9:12 | Build | Mining Camp |
| 10:03 | Research | Feudal Age |
| 10:04 | Create | Villager (Male) |
| 10:04 | Create | Villager (Male) |
| 12:13 | Age | Feudal Age |
| 12:15 | Build | Market |
| 12:21 | Build | Blacksmith |
| 12:34 | Research | Double-Bit Axe |
| 12:36 | Research | Horse Collar |
| 12:57 | Research | Castle Age |
| 14:06 | Research | Wheelbarrow |
| 14:33 | Create | Villager (Male) |
| 14:40 | Build | House |
| 14:41 | Build | House |
| 14:42 | Build | House |
| 15:43 | Age | Castle Age |
| 15:50 | Build | Town Center |
| 15:54 | Build | Town Center |
| 15:58 | Research | Bow Saw |
| 16:09 | Research | Loom |
| 16:16 | Create | Villager (Male) |
| 16:26 | Build | House |
| 16:39 | Build | Farm |
| 16:39 | Build | Farm |
| 16:39 | Build | Farm |
| 16:42 | Research | Heavy Plow |
| 16:45 | Build | Farm |
| 17:01 | Create | Villager (Male) |
| 17:01 | Create | Villager (Male) |
| 17:01 | Create | Villager (Male) |
| 17:03 | Build | Farm |
| 17:03 | Build | Farm |
| 17:03 | Build | Farm |
| 17:03 | Build | Farm |
| 17:05 | Build | Farm |
| 17:24 | Create | Villager (Male) |
| 17:24 | Create | Villager (Male) |
| 17:24 | Create | Villager (Male) |
| 17:28 | Build | Farm |
| 17:28 | Build | Farm |
| 17:29 | Build | Farm |
| 17:29 | Build | Farm |
| 17:44 | Create | Villager (Male) |
| 17:56 | Build | Farm |
| 17:58 | Build | Farm |
| 18:01 | Create | Villager (Male) |
| 18:01 | Create | Villager (Male) |
| 18:03 | Build | Farm |
| 18:05 | Build | Farm |
| 18:08 | Build | Farm |
| 18:12 | Build | House |
| 18:20 | Build | Farm |
| 18:22 | Create | Villager (Male) |
| 18:25 | Create | Villager (Male) |
| 18:31 | Build | Farm |
| 18:44 | Build | House |
| 18:45 | Create | Villager (Male) |
| 18:45 | Create | Villager (Male) |
| 18:52 | Build | Farm |
| 18:55 | Build | Farm |
| 18:57 | Create | Villager (Male) |
| 19:13 | Create | Villager (Male) |
| 19:14 | Create | Villager (Male) |
| 19:14 | Create | Villager (Male) |
| 19:14 | Create | Villager (Male) |
| 19:18 | Build | House |
| 19:46 | Create | Villager (Male) |
| 19:46 | Create | Villager (Male) |
| 19:46 | Create | Villager (Male) |
| 19:46 | Create | Villager (Male) |
| 19:51 | Build | Town Center |
| 19:54 | Create | Villager (Male) |
| 20:07 | Create | Villager (Male) |
| 20:08 | Create | Villager (Male) |
| 20:08 | Create | Villager (Male) |
| 20:10 | Build | Farm |
| 20:15 | Build | Farm |
| 20:24 | Create | Villager (Male) |
| 20:25 | Create | Villager (Male) |
| 20:25 | Create | Villager (Male) |
| 20:28 | Build | House |
| 20:33 | Create | Villager (Male) |
| 20:34 | Create | Villager (Male) |
| 20:37 | Build | Farm |
| 20:40 | Build | Farm |
| 20:45 | Build | Farm |
| 20:46 | Create | Villager (Male) |
| 20:46 | Create | Villager (Male) |
| 20:47 | Create | Villager (Male) |
| 21:03 | Build | House |
| 21:18 | Create | Villager (Male) |
| 21:19 | Create | Villager (Male) |
| 21:19 | Create | Villager (Male) |
| 21:19 | Create | Villager (Male) |
| 21:19 | Create | Villager (Male) |
| 21:35 | Build | House |
| 21:45 | Build | Town Center |
| 21:57 | Create | Villager (Male) |
| 21:57 | Create | Villager (Male) |
| 21:57 | Create | Villager (Male) |
| 22:11 | Build | Town Center |
| 22:14 | Build | House |
| 22:16 | Create | Villager (Male) |
| 22:16 | Create | Villager (Male) |
| 22:16 | Create | Villager (Male) |
| 22:17 | Create | Villager (Male) |
| 22:17 | Create | Villager (Male) |
| 22:30 | Build | Farm |
| 22:31 | Build | Farm |
| 22:31 | Build | Farm |
| 22:31 | Build | Farm |
| 22:33 | Build | Farm |
| 22:40 | Create | Villager (Male) |
Build order — HPP
First 150 of 810 actions detected
| 0:00 | Create | Villager (Male) |
| 0:01 | Create | Villager (Male) |
| 0:03 | Build | House |
| 0:04 | Build | House |
| 0:18 | Create | Villager (Male) |
| 0:18 | Create | Villager (Male) |
| 1:24 | Create | Villager (Male) |
| 1:53 | Build | Lumber Camp |
| 1:57 | Create | Villager (Male) |
| 2:26 | Create | Villager (Male) |
| 2:39 | Create | Villager (Male) |
| 3:04 | Create | Villager (Male) |
| 3:28 | Build | House |
| 3:31 | Create | Villager (Male) |
| 3:53 | Build | Mill |
| 4:04 | Create | Villager (Male) |
| 4:20 | Build | House |
| 4:38 | Create | Villager (Male) |
| 4:45 | Create | Villager (Male) |
| 4:58 | Create | Villager (Male) |
| 5:54 | Create | Villager (Male) |
| 6:07 | Create | Villager (Male) |
| 6:08 | Create | Villager (Male) |
| 6:20 | Create | Villager (Male) |
| 6:40 | Create | Villager (Male) |
| 7:23 | Research | Loom |
| 7:38 | Build | Mining Camp |
| 8:27 | Research | Feudal Age |
| 9:16 | Create | Villager (Male) |
| 9:16 | Create | Villager (Male) |
| 10:37 | Age | Feudal Age |
| 10:38 | Build | Blacksmith |
| 10:40 | Build | Market |
| 11:01 | Build | Mill |
| 11:37 | Create | Villager (Male) |
| 11:42 | Research | Castle Age |
| 11:47 | Build | House |
| 11:49 | Build | House |
| 12:26 | Research | Double-Bit Axe |
| 12:57 | Research | Horse Collar |
| 13:01 | Build | Lumber Camp |
| 14:22 | Age | Castle Age |
| 14:25 | Build | Town Center |
| 14:31 | Build | Town Center |
| 14:37 | Create | Villager (Male) |
| 14:38 | Create | Villager (Male) |
| 14:49 | Create | Villager (Male) |
| 15:08 | Build | Farm |
| 15:43 | Build | Farm |
| 15:45 | Build | Farm |
| 15:46 | Build | Farm |
| 15:48 | Build | Farm |
| 15:49 | Build | Farm |
| 15:50 | Create | Villager (Male) |
| 15:50 | Create | Villager (Male) |
| 16:07 | Create | Villager (Male) |
| 16:07 | Create | Villager (Male) |
| 16:10 | Build | Farm |
| 16:11 | Build | Farm |
| 16:14 | Create | Villager (Male) |
| 16:24 | Build | House |
| 16:28 | Build | Farm |
| 16:31 | Create | Villager (Male) |
| 16:31 | Create | Villager (Male) |
| 16:46 | Build | Farm |
| 16:47 | Build | Farm |
| 16:55 | Build | Farm |
| 17:00 | Create | Villager (Male) |
| 17:01 | Create | Villager (Male) |
| 17:01 | Create | Villager (Male) |
| 17:19 | Build | Farm |
| 17:20 | Build | Farm |
| 17:23 | Build | Farm |
| 17:25 | Create | Villager (Male) |
| 17:25 | Create | Villager (Male) |
| 17:32 | Build | Farm |
| 17:34 | Create | Villager (Male) |
| 17:37 | Create | Villager (Male) |
| 17:41 | Build | House |
| 17:50 | Build | Farm |
| 17:53 | Create | Villager (Male) |
| 17:56 | Build | Farm |
| 17:59 | Create | Villager (Male) |
| 18:18 | Build | House |
| 18:29 | Build | Siege Workshop |
| 18:33 | Create | Villager (Male) |
| 18:34 | Create | Villager (Male) |
| 18:56 | Build | Monastery |
| 19:05 | Build | House |
| 19:06 | Build | House |
| 19:08 | Build | House |
| 19:12 | Create | Villager (Male) |
| 19:12 | Create | Villager (Male) |
| 19:21 | Create | Villager (Male) |
| 19:22 | Create | Villager (Male) |
| 19:29 | Create | Monk |
| 19:43 | Create | Villager (Male) |
| 20:03 | Create | Villager (Male) |
| 20:04 | Create | Villager (Male) |
| 20:04 | Create | Villager (Male) |
| 20:06 | Create | Villager (Male) |
| 20:12 | Build | Barracks |
| 20:30 | Create | Villager (Male) |
| 20:30 | Create | Villager (Male) |
| 20:30 | Create | Villager (Male) |
| 20:34 | Build | Farm |
| 20:35 | Build | Farm |
| 20:39 | Build | Farm |
| 20:40 | Build | Farm |
| 20:56 | Create | Villager (Male) |
| 20:57 | Create | Villager (Male) |
| 20:58 | Create | Villager (Male) |
| 21:06 | Create | Monk |
| 21:12 | Create | Villager (Male) |
| 21:15 | Create | Monk |
| 21:24 | Build | Farm |
| 21:24 | Build | Farm |
| 21:28 | Create | Villager (Male) |
| 21:29 | Create | Villager (Male) |
| 21:37 | Build | Siege Workshop |
| 21:47 | Build | University |
| 21:50 | Create | Villager (Male) |
| 21:59 | Research | Fervor |
| 22:07 | Create | Villager (Male) |
| 22:07 | Create | Villager (Male) |
| 22:24 | Build | Castle |
| 22:29 | Create | Villager (Male) |
| 22:29 | Create | Villager (Male) |
| 22:29 | Create | Villager (Male) |
| 22:30 | Create | Villager (Male) |
| 22:32 | Create | Villager (Male) |
| 22:49 | Build | Town Center |
| 22:56 | Create | Villager (Male) |
| 22:57 | Create | Villager (Male) |
| 22:59 | Create | Villager (Male) |
| 23:05 | Build | Farm |
| 23:06 | Build | Farm |
| 23:25 | Research | Redemption |
| 23:45 | Build | House |
| 23:46 | Build | House |
| 23:47 | Build | House |
| 23:48 | Build | House |
| 23:51 | Research | Fletching |
| 24:02 | Create | Villager (Male) |
| 24:02 | Create | Villager (Male) |
| 24:02 | Create | Villager (Male) |
| 24:03 | Create | Villager (Male) |
| 24:03 | Create | Villager (Male) |
| 24:03 | Create | Villager (Male) |
| 24:04 | Create | Villager (Male) |
Build order — sbr
First 150 of 600 actions detected
| 0:02 | Research | Loom |
| 0:02 | Create | Villager (Male) |
| 0:03 | Create | Villager (Male) |
| 0:03 | Create | Villager (Male) |
| 0:04 | Create | Villager (Male) |
| 0:04 | Create | Villager (Male) |
| 0:04 | Create | Villager (Male) |
| 0:07 | Build | House |
| 0:10 | Build | House |
| 2:21 | Create | Villager (Male) |
| 2:22 | Create | Villager (Male) |
| 2:22 | Create | Villager (Male) |
| 3:11 | Create | Villager (Male) |
| 3:22 | Create | Villager (Male) |
| 3:39 | Create | Villager (Male) |
| 3:48 | Build | House |
| 3:49 | Build | House |
| 4:27 | Create | Villager (Male) |
| 4:28 | Create | Villager (Male) |
| 4:28 | Create | Villager (Male) |
| 4:53 | Create | Villager (Male) |
| 4:56 | Build | House |
| 5:01 | Build | Mill |
| 5:41 | Create | Villager (Male) |
| 6:05 | Create | Villager (Male) |
| 6:23 | Create | Villager (Male) |
| 7:03 | Create | Villager (Male) |
| 7:04 | Create | Villager (Male) |
| 7:04 | Create | Villager (Male) |
| 7:05 | Create | Villager (Male) |
| 7:35 | Create | Villager (Male) |
| 7:45 | Build | Lumber Camp |
| 7:54 | Create | Villager (Male) |
| 8:54 | Research | Feudal Age |
| 9:02 | Build | Mining Camp |
| 10:25 | Create | Villager (Male) |
| 10:26 | Create | Villager (Male) |
| 10:26 | Create | Villager (Male) |
| 11:06 | Age | Feudal Age |
| 11:19 | Build | Mill |
| 11:28 | Create | Villager (Male) |
| 11:36 | Build | Market |
| 11:42 | Build | Blacksmith |
| 12:25 | Create | Villager (Male) |
| 12:45 | Build | Mining Camp |
| 12:51 | Research | Castle Age |
| 13:23 | Research | Double-Bit Axe |
| 14:16 | Research | Stone Mining |
| 14:23 | Build | House |
| 14:25 | Build | House |
| 14:26 | Build | House |
| 15:04 | Build | Farm |
| 15:05 | Build | Farm |
| 15:05 | Build | Farm |
| 15:05 | Build | Farm |
| 15:07 | Build | Farm |
| 15:16 | Age | Castle Age |
| 15:27 | Create | Villager (Male) |
| 15:27 | Create | Villager (Male) |
| 15:35 | Research | Bow Saw |
| 16:02 | Create | Villager (Male) |
| 16:06 | Build | Farm |
| 16:18 | Build | Farm |
| 16:47 | Build | Castle |
| 16:54 | Create | Villager (Male) |
| 16:55 | Create | Villager (Male) |
| 17:30 | Create | Villager (Male) |
| 17:44 | Build | Town Center |
| 17:47 | Create | Villager (Male) |
| 17:51 | Build | Farm |
| 17:55 | Build | Farm |
| 17:59 | Create | Villager (Male) |
| 18:25 | Build | Mining Camp |
| 18:29 | Create | Villager (Male) |
| 18:42 | Create | Villager (Male) |
| 19:26 | Build | Siege Workshop |
| 19:38 | Create | War Elephant |
| 19:44 | Create | Villager (Male) |
| 19:44 | Create | Villager (Male) |
| 19:55 | Create | Villager (Male) |
| 20:00 | Build | Monastery |
| 20:12 | Create | Villager (Male) |
| 20:13 | Create | Villager (Male) |
| 20:16 | Research | Gold Mining |
| 20:34 | Create | Mangonel |
| 20:35 | Create | Mangonel |
| 20:36 | Create | Villager (Male) |
| 20:37 | Create | Villager (Male) |
| 21:15 | Create | Villager (Male) |
| 21:16 | Create | Villager (Male) |
| 21:21 | Create | Monk |
| 21:27 | Create | Villager (Male) |
| 21:31 | Build | Barracks |
| 21:35 | Create | Villager (Male) |
| 21:38 | Build | Farm |
| 21:38 | Build | Farm |
| 21:39 | Build | Farm |
| 21:39 | Build | Farm |
| 22:08 | Create | Villager (Male) |
| 22:08 | Create | Villager (Male) |
| 22:29 | Create | Villager (Male) |
| 22:29 | Create | Villager (Male) |
| 22:39 | Create | Mangonel |
| 22:50 | Create | Battering Ram |
| 22:50 | Create | Battering Ram |
| 22:52 | Create | Villager (Male) |
| 22:52 | Create | Villager (Male) |
| 22:53 | Create | Villager (Male) |
| 23:08 | Build | Farm |
| 23:08 | Build | Farm |
| 23:09 | Build | Farm |
| 23:09 | Build | Farm |
| 23:09 | Build | Farm |
| 23:09 | Build | Farm |
| 23:10 | Build | Farm |
| 23:30 | Create | Villager (Male) |
| 23:30 | Create | Villager (Male) |
| 23:43 | Create | Villager (Male) |
| 23:43 | Create | Villager (Male) |
| 23:44 | Create | Villager (Male) |
| 23:50 | Build | Town Center |
| 23:52 | Build | Farm |
| 23:52 | Build | Farm |
| 23:52 | Build | Farm |
| 23:53 | Build | Farm |
| 23:53 | Build | Farm |
| 23:54 | Build | Farm |
| 23:54 | Build | Farm |
| 23:54 | Build | Farm |
| 23:54 | Build | Farm |
| 24:03 | Build | Town Center |
| 24:10 | Create | Villager (Male) |
| 24:10 | Create | Villager (Male) |
| 24:11 | Create | Battering Ram |
| 24:13 | Create | Villager (Male) |
| 24:14 | Create | Villager (Male) |
| 24:43 | Create | Villager (Male) |
| 24:44 | Create | Villager (Male) |
| 24:48 | Create | Villager (Male) |
| 24:48 | Create | Villager (Male) |
| 24:57 | Build | Stable |
| 25:12 | Create | Villager (Male) |
| 25:12 | Create | Villager (Male) |
| 25:16 | Build | Farm |
| 25:21 | Create | Villager (Male) |
| 25:23 | Build | Farm |
| 25:24 | Build | Farm |
| 25:24 | Build | Farm |
| 25:24 | Build | Farm |
| 25:25 | Build | Farm |
Build order — Goku_San
First 150 of 678 actions detected
| 0:00 | Create | Villager (Male) |
| 0:00 | Create | Villager (Male) |
| 0:01 | Build | House |
| 0:02 | Build | House |
| 0:06 | Create | Villager (Male) |
| 0:06 | Create | Villager (Male) |
| 0:07 | Create | Villager (Male) |
| 1:26 | Create | Villager (Male) |
| 1:26 | Create | Villager (Male) |
| 2:05 | Create | Villager (Male) |
| 2:05 | Create | Villager (Male) |
| 2:09 | Build | Lumber Camp |
| 2:18 | Create | Villager (Male) |
| 2:18 | Create | Villager (Male) |
| 2:35 | Build | House |
| 2:40 | Create | Villager (Male) |
| 2:40 | Create | Villager (Male) |
| 3:01 | Create | Villager (Male) |
| 3:01 | Create | Villager (Male) |
| 3:28 | Create | Villager (Male) |
| 3:29 | Create | Villager (Male) |
| 3:58 | Create | Villager (Male) |
| 3:58 | Create | Villager (Male) |
| 4:22 | Create | Villager (Male) |
| 4:23 | Create | Villager (Male) |
| 4:23 | Create | Villager (Male) |
| 4:35 | Create | Villager (Male) |
| 4:35 | Create | Villager (Male) |
| 4:37 | Build | Mill |
| 5:26 | Create | Villager (Male) |
| 5:41 | Build | House |
| 5:57 | Create | Villager (Male) |
| 6:29 | Create | Villager (Male) |
| 6:44 | Build | Mining Camp |
| 6:57 | Research | Loom |
| 7:35 | Research | Feudal Age |
| 9:38 | Create | Villager (Male) |
| 9:39 | Create | Villager (Male) |
| 9:45 | Age | Feudal Age |
| 9:46 | Research | Double-Bit Axe |
| 10:01 | Research | Horse Collar |
| 11:00 | Build | Blacksmith |
| 11:07 | Build | Market |
| 11:47 | Build | House |
| 12:07 | Research | Castle Age |
| 12:07 | Research | Castle Age |
| 12:35 | Build | House |
| 12:35 | Build | House |
| 12:38 | Build | House |
| 12:48 | Build | Farm |
| 12:49 | Build | Farm |
| 12:51 | Build | Farm |
| 13:50 | Build | Farm |
| 13:52 | Build | Farm |
| 14:19 | Build | House |
| 14:20 | Build | House |
| 14:47 | Age | Castle Age |
| 14:51 | Build | Town Center |
| 15:02 | Build | Town Center |
| 15:03 | Create | Villager (Male) |
| 15:04 | Create | Villager (Male) |
| 15:22 | Create | Villager (Male) |
| 15:43 | Create | Villager (Male) |
| 15:56 | Create | Villager (Male) |
| 15:59 | Build | Monastery |
| 16:07 | Create | Villager (Male) |
| 16:08 | Create | Villager (Male) |
| 16:09 | Create | Villager (Male) |
| 16:12 | Build | Farm |
| 16:39 | Create | Villager (Male) |
| 16:40 | Create | Villager (Male) |
| 16:44 | Build | Farm |
| 16:48 | Build | Farm |
| 16:50 | Create | Villager (Male) |
| 16:50 | Create | Monk |
| 17:01 | Build | Farm |
| 17:04 | Build | Farm |
| 17:15 | Create | Villager (Male) |
| 17:21 | Build | Farm |
| 17:26 | Build | Farm |
| 17:36 | Create | Villager (Male) |
| 17:42 | Create | Villager (Male) |
| 17:42 | Create | Villager (Male) |
| 17:55 | Build | Farm |
| 17:57 | Build | Farm |
| 17:58 | Create | Villager (Male) |
| 17:59 | Build | Farm |
| 18:02 | Build | Farm |
| 18:07 | Build | Farm |
| 18:08 | Create | Villager (Male) |
| 18:09 | Create | Villager (Male) |
| 18:14 | Create | Villager (Male) |
| 18:20 | Build | Farm |
| 18:24 | Build | Farm |
| 18:31 | Create | Villager (Male) |
| 18:40 | Create | Villager (Male) |
| 18:41 | Create | Villager (Male) |
| 18:43 | Build | Farm |
| 18:47 | Build | Farm |
| 18:53 | Create | Villager (Male) |
| 18:53 | Create | Villager (Male) |
| 18:55 | Create | Villager (Male) |
| 19:00 | Build | Farm |
| 19:02 | Create | Villager (Male) |
| 19:03 | Create | Villager (Male) |
| 19:03 | Create | Villager (Male) |
| 19:11 | Build | Lumber Camp |
| 19:14 | Create | Villager (Male) |
| 19:14 | Create | Villager (Male) |
| 19:18 | Create | Villager (Male) |
| 19:18 | Create | Villager (Male) |
| 19:24 | Create | Villager (Male) |
| 19:24 | Create | Villager (Male) |
| 19:34 | Create | Villager (Male) |
| 19:34 | Create | Villager (Male) |
| 19:39 | Build | Farm |
| 19:44 | Create | Villager (Male) |
| 19:52 | Build | Farm |
| 19:54 | Build | Farm |
| 19:57 | Create | Villager (Male) |
| 20:01 | Create | Villager (Male) |
| 20:02 | Create | Villager (Male) |
| 20:02 | Create | Villager (Male) |
| 20:02 | Create | Villager (Male) |
| 20:11 | Create | Villager (Male) |
| 20:11 | Create | Villager (Male) |
| 20:16 | Create | Villager (Male) |
| 20:26 | Build | Town Center |
| 20:34 | Research | Bow Saw |
| 20:34 | Research | Bow Saw |
| 20:44 | Create | Villager (Male) |
| 20:45 | Create | Villager (Male) |
| 21:05 | Research | Gold Mining |
| 21:06 | Research | Stone Mining |
| 21:06 | Research | Stone Mining |
| 21:12 | Create | Villager (Male) |
| 21:13 | Create | Villager (Male) |
| 21:19 | Create | Villager (Male) |
| 21:20 | Create | Villager (Male) |
| 21:28 | Create | Villager (Male) |
| 21:37 | Build | Town Center |
| 21:39 | Create | Villager (Male) |
| 21:41 | Create | Villager (Male) |
| 21:47 | Create | Villager (Male) |
| 21:50 | Create | Villager (Male) |
| 21:50 | Create | Villager (Male) |
| 22:07 | Create | Villager (Male) |
| 22:07 | Create | Villager (Male) |
| 22:18 | Create | Villager (Male) |
| 22:18 | Create | Villager (Male) |
Match timeline
| 4:24 | 長安 · wall_segment Palisade Wall x1 |
| 6:41 | rower56 · first_building Barracks |
| 9:45 | Goku_San · age_up feudal |
| 10:37 | HPP · age_up feudal |
| 10:56 | 長安 · age_up feudal |
| 11:06 | sbr · age_up feudal |
| 11:22 | lingruo · age_up feudal |
| 11:44 | Ken · age_up feudal |
| 12:01 | Ken · wall_segment Stone Wall x1 |
| 12:13 | Sum Ting Wong · age_up feudal |
| 13:54 | rower56 · age_up feudal |
| 14:22 | HPP · age_up castle |
| 14:23 | rower56 · first_building Stable |
| 14:30 | 長安 · age_up castle |
| 14:47 | Goku_San · age_up castle |
| 14:48 | 長安 · first_building Monastery |
| 14:56 | Goku_San · first_market_sell 100 food |
| 14:58 | Goku_San · first_market_buy 100 wood |
| 15:16 | sbr · age_up castle |
| 15:17 | lingruo · age_up castle |
| 15:19 | Ken · age_up castle |
| 15:30 | lingruo · first_building Castle |
| 15:31 | Ken · first_building Monastery |
| 15:43 | Sum Ting Wong · age_up castle |
| 15:59 | HPP · first_market_buy 100 food |
| 15:59 | Goku_San · first_building Monastery |
| 16:47 | sbr · first_building Castle |
| 16:52 | Sum Ting Wong · first_market_buy 100 food |
| 17:00 | rower56 · first_market_sell 100 wood |
| 17:03 | rower56 · first_market_buy 100 food |
| 18:29 | HPP · first_building Siege Workshop |
| 18:38 | Ken · first_building Barracks |
| 18:39 | rower56 · age_up castle |
| 18:56 | HPP · first_building Monastery |
| 19:17 | 長安 · first_building Siege Workshop |
| 19:26 | sbr · first_building Siege Workshop |
| 19:48 | Ken · first_building Archery Range |
| 20:00 | sbr · first_building Monastery |
| 20:12 | HPP · first_building Barracks |
| 20:27 | sbr · first_market_sell 100 food |
| 21:31 | sbr · first_building Barracks |
| 21:41 | Sum Ting Wong · first_market_sell 100 food |
| 22:24 | HPP · first_building Castle |
| 24:00 | rower56 · first_building Castle |
| 24:18 | Ken · wall_segment Stone Wall x1 |
| 24:39 | Goku_San · first_building Barracks |
| 24:57 | sbr · first_building Stable |
| 25:10 | Ken · first_building Castle |
| 25:20 | Goku_San · first_building Castle |
| 25:47 | 長安 · first_building Castle |
| 26:44 | Sum Ting Wong · first_building Castle |
| 27:04 | HPP · wall_segment Stone Wall x5 |
| 27:24 | Goku_San · first_building Siege Workshop |
| 27:53 | rower56 · first_building Archery Range |
| 27:58 | lingruo · first_building Barracks |
| 28:04 | Sum Ting Wong · first_building Barracks |
| 28:13 | rower56 · first_building Siege Workshop |
| 28:37 | 長安 · age_up imperial |
| 28:53 | rower56 · first_building Monastery |
| 28:57 | Sum Ting Wong · first_building Archery Range |
| 29:28 | lingruo · age_up imperial |
| 29:53 | Ken · first_building Siege Workshop |
| 30:13 | Goku_San · age_up imperial |
| 30:49 | sbr · first_building Archery Range |
| 31:11 | Sum Ting Wong · age_up imperial |
| 31:41 | rower56 · age_up imperial |
| 31:54 | HPP · age_up imperial |
| 33:42 | Ken · first_building Stable |
| 33:50 | Ken · age_up imperial |
| 34:46 | sbr · age_up imperial |
| 36:19 | HPP · wall_segment Stone Wall x5 |
| 37:20 | Sum Ting Wong · first_building Stable |
| 38:00 | HPP · wall_segment Stone Wall x18 |
| 42:07 | Ken · first_market_buy 100 stone |
| 42:44 | lingruo · first_building Stable |
| 44:00 | lingruo · first_building Siege Workshop |
| 44:18 | lingruo · first_market_buy 500 wood |
| 47:28 | 長安 · first_building Barracks |
| 51:14 | Sum Ting Wong · resign |
| 54:16 | HPP · wall_segment Stone Wall x6 |
| 54:23 | HPP · wall_segment Stone Wall x17 |
| 55:11 | HPP · wall_segment Stone Wall x7 |
| 56:12 | HPP · wall_segment Stone Wall x5 |
[ AI ANALYSIS · 1 CREDIT ]
What really happened in this match?
Wolo.gg analyzes every decision: build order, eco, micro, common mistakes by bracket. Personalized analysis on WhatsApp or Discord in 30 seconds.
Civ guide
Malians
Perfil
lingruo